 Dungeon Crawl Stone Soup version 0.27-a0-931-g5a74e75d8f (webtiles) character file.

Game seed: 3270933630317024153

14086 dickylongcocking the Fighter (level 12, -8/100 HPs)
             Began as a Djinni Fire Elementalist on Apr 10, 2021.
             Was an Elder of Makhleb.
             Shot with an arrow by a centaur warrior (26 damage)
             ... on level 13 of the Dungeon.
             The game lasted 00:19:26 (16051 turns).

dickylongcocking the Fighter (DjFE)                Turns: 16051, Time: 00:19:26

Health: -8/100     AC:  5    Str:  7    XL:     12   Next: 12%
Gold:   830        EV: 16    Int: 33    God:    Makhleb [****..] SH:  0 Dex: 15

rFire    + + .     SeeInvis .   G - staff of cold
rCold    . . .     Faith    .   (no shield)
rNeg     . . .     Spirit   .   g - +0 leather armour
rPois    ∞         Reflect  .   (no helmet)
rElec    .         Harm     .   o - +0 cloak
rCorr    .         Rampage  .   R - +0 pair of gloves
Will     +....                  (boots unavailable)
Stlth    ++........             P - amulet of the acrobat
HPRegen  0.26/turn              e - +6 ring of intelligence
MPRegen  0.00/turn              p - +6 ring of intelligence

@: flying, studying Fighting
A: fire resistance 2, cold vulnerability 1, float, innate caster, hp casting,
extra vitality 1
a: Renounce Religion, Minor Destruction, Lesser Servant of Makhleb, Major
Destruction


You were on level 13 of the Dungeon.
You worshipped Makhleb.
Makhleb was greatly pleased with you.
You visited 2 branches of the dungeon, and saw 12 of its levels.
You also visited: Bailey.

You collected 830 gold pieces.

Inventory:

Hand Weapons
 b - a +0 dagger
 l - a +2 mace of protection
 E - the +2 falchion of Excruciating Pain {venom, Will+ Dex+2 Stlth+}
   (You found it on level 5 of the Dungeon)

   It poisons the flesh of those it strikes.
   It affects your dexterity (+2).
   It increases your willpower.
   It makes you more stealthy.
 Q - the +9 long sword of War {protect, rElec rF+ SInv}
   (You took it off a hobgoblin in a bailey)

   It grants its wielder temporary protection when it strikes (+7 to AC).
   It protects you from fire.
   It insulates you from electricity.
   It lets you see invisible.
 T - the +7 rapier "Earthworm" {flame, rPois rN+ SInv}
   (You found it on level 13 of the Dungeon)

   It has been specially enchanted to burn those struck by it, causing extra
   injury to most foes and up to half again as much damage against particularly
   susceptible opponents.
   It protects you from poison.
   It protects you from negative energy.
   It lets you see invisible.
Missiles
 h - 22 poisoned darts (quivered)
 L - a throwing net
Armour
 a - a +0 robe
 g - a +0 leather armour (worn)
 o - a +0 cloak (worn)
 R - a +0 pair of gloves (worn)
Magical Staves
 G - a staff of cold (weapon)
 H - a staff of earth
Jewellery
 e - a +6 ring of intelligence (left hand)
 i - a ring of protection from cold
 p - a +6 ring of intelligence (right hand)
 I - a ring of protection from cold
 O - a +6 ring of dexterity
 P - an amulet of the acrobat (around neck)
Wands
 m - a wand of paralysis (6)
 y - a wand of flame (17)
 F - a wand of digging (6)
Scrolls
 c - 4 scrolls of noise
 d - a scroll of enchant armour {unknown}
 q - 3 scrolls of fear
 s - 2 scrolls of silence
 t - 4 scrolls of teleportation
 u - 2 scrolls of immolation {unknown}
 v - a scroll of blinking {unknown}
 w - a scroll of holy word {unknown}
 x - 2 scrolls of fog {unknown}
 B - a scroll of magic mapping
 D - 2 scrolls of vulnerability {unknown}
 K - a scroll of summoning {unknown}
 N - a scroll of amnesia {unknown}
 S - 2 scrolls of identify
Potions
 f - 3 potions of haste
 j - a potion of degeneration {unknown}
 k - 3 potions of attraction
 n - 3 potions of mutation
 r - 2 potions of brilliance
 z - a potion of lignification
 A - 2 potions of resistance
 C - 4 potions of curing
 J - a potion of flight
 M - a potion of invisibility


   Skills:
 * Level 14.0 Fighting
 - Level 4.0 Armour
 - Level 9.5 Dodging
 - Level 1.7 Stealth
 - Level 0.2 Unarmed Combat
 - Level 9.7 Spellcasting


You couldn't memorise any spells.
You knew the following spells:

 Your Spells              Type           Power      Damage    Failure   Level
a - Foxfire               Conj/Fire      100%       2x1d9     1%          1
b - Conjure Flame         Conj/Fire      69%        6-21      1%          3
c - Inner Flame           Hex/Fire       69%        N/A       1%          3
d - Sticky Flame          Conj/Fire      69%        2d8       1%          4
e - Fireball              Conj/Fire      34%        3d14      2%          5
f - Animate Skeleton      Necr           100%       N/A       1%          1
g - Poisonous Vapours     Pois/Air       100%       N/A       1%          2
h - Portal Projectile     Hex/Tloc       100%       N/A       1%          3
i - Fulminant Prism       Conj/Hex       34%        3d16      1%          4
j - Iskenderun's Mystic   Conj/Tloc      69%        2d14      1%          4
Your spell library was empty.

Dungeon Overview and Level Annotations

Branches:
Dungeon (13/15)            Temple (1/1) D:4          Bailey (visited)
   Lair: D:8-11         Orc: D:9-12      Vaults: D:13-14

Altars:
Ashenzari
Cheibriados
Dithmenos
Elyvilon
Fedhas
Gozag
Kikubaaqudgha
Makhleb
Nemelex Xobeh
Okawaru
Qazlal
Sif Muna
Trog
Uskayaw
Vehumet
Wu Jian
Xom
Yredelemnul
Zin
The Shining One
Beogh


Innate Abilities, Weirdness & Mutations

You are immune to poison.
Your flesh is very heat resistant. (rF++)
You are vulnerable to cold. (rC-)
You float through the air rather than walking.
You learn spells naturally, not from books.
Your magical power is your life essence.
You have superior vitality. (+4 HP)


Message History

Casting: Fireball (dangerous; 2% risk of failure)
Confirm with . or Enter, or press ? or * to list all spells.
Aiming: Fireball (dangerous; 2% risk of failure)
Press: ? - help, Shift-Dir - straight line, f/p - tengu conjurer
Aim: a tengu conjurer (flame, severely wounded, inner flame)
The fireball explodes!
The fireball engulfs the tengu conjurer!
Makhleb accepts your kill.
The battlesphere dissipates.
The tengu conjurer explodes!
Your Fighting skill increases to level 14!
A centaur warrior comes into view.
The centaur warrior moves out of view.
Unknown command.
A centaur warrior is nearby!
A centaur warrior is nearby!
A centaur warrior is nearby!
Casting: Fireball (dangerous; 2% risk of failure)
Confirm with . or Enter, or press ? or * to list all spells.
You can't see any susceptible monsters within range! (Use Z to cast anyway.) Unknown command.
You start resting.
A centaur warrior is nearby!
The centaur warrior shouts!
The centaur warrior wields a +0 longbow.
The centaur warrior shoots an arrow.
The arrow hits you!!
* * * LOW HITPOINT WARNING * * *
The centaur warrior shoots an arrow.
The arrow closely misses you.
Unknown command.
Casting: Fireball (dangerous; 2% risk of failure)
Confirm with . or Enter, or press ? or * to list all spells.
Aiming: Fireball (dangerous; 2% risk of failure)
Press: ? - help, Shift-Dir - straight line, f - centaur warrior
Aim: a centaur warrior, wielding a +0 longbow and quivering arrows The fireball explodes!
The fireball engulfs the centaur warrior!!
The centaur warrior is severely wounded.
* * * LOW HITPOINT WARNING * * *
The centaur warrior shoots an arrow.
The arrow hits you!!
You die...

..#####....#####........>......,*
..c..)..#..## #.##.###>....<.#,*
..#####.....## #.##.# #.#####.#.#
,** ##.....###.##.# #..........
** #.........##.# #..####.#.# *
#.....######.# #..# #.#.# *
##...## #.# #..# #.#.# *
##.########.# #..# #.... *
#.c....@..(###..# #.... *
##########..)...# ##... *
******###.#.###^# ##.. *
*,,,,,,..###....# ###### *
********<***####.#.#.#.###...## *
*,,,,,,,,*###..................
*,******,,.........#.#.###.(.##
*,* *,*###.####.....# ##.## *,*
*,* #,* ###.### #.#


You could see a centaur warrior.

Vanquished Creatures
  A two-headed ogre (D:13)
  A tengu warrior (D:13)
  An orc high priest (Bailey)
  Pikel (D:4)
  3 orc knights (Bailey)
  2 cyclopes (D:13)
  A manticore (D:13)
  Joseph (D:7)
  A gargoyle (D:13)
  A kobold demonologist (Bailey)
  2 tengu conjurers (D:13)
  Grinder (D:3)
  2 slime creatures (D:13)
  A wraith (D:9)
  Sigmund (D:3)
  A wyvern (D:9)
  A steam dragon (D:9)
  8 yaks
  4 vampire mosquitoes (D:9)
  Edmund (D:4)
  A water moccasin (D:6)
  13 orc warriors
  A black bear (D:6)
  An ogre (D:10)
  A centaur (D:10)
  A necrophage (D:7)
  2 lemures (D:4)
  A bullfrog (D:7)
  2 gnoll sergeants
  7 scorpions
  A water moccasin zombie (D:6)
  5 killer bees (D:7)
  22 wights
  4 howler monkeys
  5 electric eels (Bailey)
  2 centaur zombies
  4 orc priests
  3 hounds (D:5)
  Crazy Yiuf (D:3)
  2 jellies
  2 centaur skeletons
  Ijyb (D:3)
  Terence (D:2)
  2 iguanas
  7 orc wizards
  22 gnolls
  5 adders
  A shadow imp (D:6)
  A white imp (D:6)
  2 ufetubi (D:5)
  2 dart slugs
  55 orcs
  7 ball pythons
  12 endoplasms
  2 giant cockroaches
  21 goblins
  22 hobgoblins
  15 jackals
  7 kobolds
  4 quokkas
  5 bats
  7 frilled lizards
  4 rats
  A butterfly (D:4)
322 creatures vanquished.

Vanquished Creatures (others)
  336 foxfires
  A fulminant prism (D:10)
337 creatures vanquished.

Grand Total: 659 creatures vanquished

Notes
Turn   | Place    | Note
-------+----------+-------------------------------------------
     0 | D:1      | dickylongcocking the Djinni Fire Elementalist began the
                  | quest for the Orb.
     0 | D:1      | Reached XP level 1. HP: 15/15 MP: 0/0
   310 | D:1      | Reached XP level 2. HP: 4/21 MP: 0/0
  1379 | D:1      | Reached XP level 3. HP: 23/25 MP: 0/0
  1379 | D:1      | Learned a level 1 spell: Animate Skeleton
  2332 | D:2      | Reached XP level 4. HP: 24/31 MP: 0/0
  2427 | D:2      | Found a faded altar of an unknown god.
  2679 | D:2      | Reached skill level 1 in Fighting
  2679 | D:2      | Reached skill level 1 in Armour
  2828 | D:2      | Noticed Terence
  2835 | D:2      | Killed Terence
  3615 | D:3      | Noticed Sigmund
  3620 | D:3      | Killed Sigmund
  3621 | D:3      | Reached skill level 2 in Fighting
  3621 | D:3      | Reached XP level 5. HP: 18/39 MP: 0/0
  3621 | D:3      | Learned a level 2 spell: Poisonous Vapours
  3621 | D:3      | Reached XP level 6. HP: 20/45 MP: 0/0
  3836 | D:3      | Noticed Grinder
  3845 | D:3      | Paralysed by Grinder for 4 turns
  3862 | D:3      | Killed Grinder
  3863 | D:3      | Reached skill level 3 in Fighting
  3863 | D:3      | Reached XP level 7. HP: 42/50 MP: 0/0
  3863 | D:3      | Learned a level 3 spell: Portal Projectile
  3960 | D:3      | Found an iron altar of Okawaru.
  4311 | D:3      | HP: 2/50 [goblin/+0 club (5)]
  5204 | D:3      | Noticed Ijyb
  5210 | D:3      | Killed Ijyb
  5469 | D:3      | Found a runed translucent door.
  5470 | D:3      | Noticed Crazy Yiuf
  5585 | D:3      | Killed Crazy Yiuf
  5763 | D:4      | Reached skill level 5 in Spellcasting
  5798 | D:4      | Reached skill level 4 in Fighting
  6462 | D:4      | Found a staircase to the Ecumenical Temple.
  6489 | Temple   | Entered the Ecumenical Temple
  6558 | Temple   | Became a worshipper of Makhleb the Destroyer
  6600 | D:4      | Noticed Edmund
  6899 | D:4      | Killed Edmund
  7258 | D:4      | Reached XP level 8. HP: 51/58 MP: 0/0
  7768 | D:4      | Noticed Pikel
  7783 | D:4      | Killed Pikel
  7784 | D:4      | Reached skill level 6 in Fighting
  7980 | D:5      | Entered Level 5 of the Dungeon
  8205 | D:5      | Found a white marble altar of Elyvilon.
  8768 | D:5      | Identified the +2 falchion of Excruciating Pain {venom,
                  | Will+ Dex+2 Stlth+}
  8947 | D:6      | Reached XP level 9. HP: 61/67 MP: 0/0
  8947 | D:6      | Learned a level 4 spell: Fulminant Prism
  9091 | D:6      | Reached * piety under Makhleb
  9110 | D:6      | Reached skill level 7 in Fighting
  9922 | D:6      | Found a glowing golden altar of the Shining One.
 10658 | D:7      | Reached skill level 5 in Dodging
 10733 | D:7      | Reached skill level 8 in Fighting
 10739 | D:7      | Noticed Joseph
 11201 | D:7      | Killed Joseph
 11202 | D:7      | Reached XP level 10. HP: 22/76 MP: 0/0
 11788 | D:8      | Reached ** piety under Makhleb
 12205 | D:8      | Reached skill level 9 in Fighting
 12235 | D:8      | Found an ornate altar of the Wu Jian Council.
 12236 | D:8      | Found a stormy altar of Qazlal.
 12287 | D:8      | You are sucked into a shaft and drop 1 floor!
 12770 | D:9      | Identified the +2 robe of Weightlessness {Int+3 Dex+3
                  | Slay+2}
 12783 | D:9      | Reached *** piety under Makhleb
 13016 | D:9      | Reached XP level 11. HP: 65/85 MP: 0/0
 13016 | D:9      | Learned a level 4 spell: Iskenderun's Mystic Blast
 13447 | D:10     | Entered Level 10 of the Dungeon
 13490 | D:10     | Reached skill level 10 in Fighting
 13984 | D:10     | You are sucked into a shaft and drop 3 floors!
 14030 | D:13     | Reached **** piety under Makhleb
 14049 | D:13     | Found a flagged portal.
 14060 | Bailey   | Entered a bailey
 14272 | Bailey   | Noticed an orc high priest
 14279 | Bailey   | Killed an orc high priest
 14321 | Bailey   | Noticed an orc knight
 14329 | Bailey   | Killed an orc knight
 14424 | Bailey   | Found an iron altar of Okawaru.
 14446 | Bailey   | Noticed an orc knight
 14453 | Bailey   | Killed an orc knight
 14672 | Bailey   | Noticed an orc knight
 14709 | Bailey   | Killed an orc knight
 14912 | Bailey   | Identified the +9 long sword of War {protect, rElec rF+
                  | SInv}
 15198 | Bailey   | Acquired a manual of Fighting
 15237 | D:13     | Reached skill level 11 in Fighting
 15674 | D:13     | Noticed a cyclops
 15674 | D:13     | Noticed a manticore
 15678 | D:13     | Killed a manticore
 15712 | D:13     | Killed a cyclops
 15713 | D:13     | Reached skill level 12 in Fighting
 15875 | D:13     | Noticed a cyclops
 15878 | D:13     | Killed a cyclops
 15881 | D:13     | Noticed a two-headed ogre
 15884 | D:13     | Killed a two-headed ogre
 15885 | D:13     | Reached skill level 13 in Fighting
 15885 | D:13     | Reached XP level 12. HP: 83/98 MP: 0/0
 15981 | D:13     | Noticed a tengu warrior
 15986 | D:13     | Identified the +7 rapier "Earthworm" {flame, rPois rN+
                  | SInv}
 15999 | D:13     | Killed a tengu warrior
 16003 | D:13     | Reached skill level 14 in Fighting
 16017 | D:13     | Noticed a centaur warrior
 16051 | D:13     | Shot with an arrow by a centaur warrior

Illustrated notes

Levels and vault maps discovered:
D:1:      dpeg_arrival_shrine, layout_basic
D:2:      layout_basic, hellmonk_ecumenical_altar_arch_garden, uniq_terence
D:3:      layout_loops_corners, okawaru_ov_weapons_minmay, uniq_ijyb,
          uniq_crazy_yiuf_cottage, uniq_sigmund, uniq_grinder
D:4:      layout_loops_ring, minmay_temple_entry_butterflies, uniq_edmund,
          uniq_pikel
D:5:      layout_cave_pools, nicolae_overflow_hidden_temple
D:6:      layout_basic, nicolae_tso_swordbearing_angel,
          ebering_dispersal_statue_hall
D:7:      layout_rooms, serial_corexii_hall, chequers_hall_statues_wall_a,
          corexii_hall_statues_i, uniq_joseph
D:8:      minmay_the_grid_triangle_9x9_rhombus_full
          [minmay_the_grid_triangle_9x9_sprig,
          minmay_the_grid_triangle_9x9_subtriangle,
          minmay_the_grid_triangle_9x9_empty,
          minmay_the_grid_triangle_9x9_sparse_checkered,
          minmay_the_grid_triangle_9x9_pentomino_pain,
          minmay_the_grid_triangle_9x9_semitri,
          minmay_the_grid_triangle_9x9_longest,
          minmay_the_grid_triangle_9x9_prize_special], layout_cave_pods,
          chequers_temple_overflow_statue_of_worship
D:9:      layout_rooms, hangedman_abyss_or_decor_passed
D:10:     layout_roguey [special_room_orc], gammafunk_temple_overflow_statue,
          david_orc_5, serial_rivers, chequers_serial_rivers_small_b,
          chequers_serial_rivers_micro_c, chequers_serial_rivers_small_a,
          chequers_serial_rivers_small_a, minmay_misc_feat_pillars,
          minmay_radiant
D:13:     layout_loops_ring, lightli_bailey_entry_fortress
Temple:   zaba_magenta_temple

Skill      XL: |  1  2  3  4  5  6  7  8  9 10 11 12 |
---------------+-------------------------------------+-----
Spellcasting   | 3 4 5 6 7 9 |  9.7
Fighting       | 2 3 4 6 8 9 13 14 | 14.0
Armour         | 2 3 4 |  4.0
Dodging        | 5 8 9 |  9.5
Stealth        | |  1.7
Unarmed Combat | |  0.2

Action                   |  1- 3 |  4- 6 |  7- 9 | 10-12 || total
-------------------------+-------+-------+-------+-------++-------
Melee: Unarmed           |     6 |       |       |       ||     6
       Dagger            |    37 |    30 |     5 |       ||    72
       Mace              |       |       |    50 |       ||    50
       Falchion          |       |       |     8 |       ||     8
       Staff             |       |       |     1 |     2 ||     3
Throw: Dart              |       |       |     5 |       ||     5
 Cast: Foxfire           |    60 |    45 |    89 |    28 ||   222
       Sticky Flame      |       |     3 |    32 |    16 ||    51
       Poisonous Vapours |       |       |    54 |    15 ||    69
       Inner Flame       |       |       |    15 |    60 ||    75
       Portal Projectile |       |       |     1 |       ||     1
       Fireball          |       |       |     7 |    94 ||   101
       Iskenderun's Myst |       |       |       |     2 ||     2
       Fulminant Prism   |       |       |       |     1 ||     1
Evoke: Wand              |       |       |     2 |       ||     2
  Use: Potion            |       |       |     5 |     2 ||     7
       Scroll            |       |       |     3 |    16 ||    19
 Stab: Sleeping          |       |     2 |     2 |       ||     4
Armor: Robe              |     7 |       |       |       ||     7
       Leather armour    |     2 |     7 |    46 |    12 ||    67
       Skin              |       |       |       |     1 ||     1
Dodge: Dodged            |    51 |    30 |   106 |    35 ||   222
       Rpst.: Falchion   |       |       |     6 |       ||     6

Table legend: (Time is in decaauts)
 A = Elapsed time spent in this place.
 B = Non-inter-level travel time spent in this place.
 C = Inter-level travel time spent in this place.
 D = Time resting spent in this place.
 E = Time spent auto-exploring this place.
 F = Levels seen in this place.
 G = Mean time per level.
                   A        B        C        D        E       F      G
               +--------+--------+--------+--------+--------+-----+--------+
         Total |  16072 |  15585 |    487 |   3864 |   9769 |  13 | 1236.3 |
       Dungeon |  14841 |  14389 |    452 |   3669 |   8993 |  11 | 1349.2 |
        Temple |     84 |     49 |     35 |      0 |     45 |   1 |   84.0 |
        Bailey |   1146 |   1146 |      0 |    195 |    731 |   1 | 1146.0 |
               +--------+--------+--------+--------+--------+-----+--------+

Top non-repeatable levels by time:
     D:3: 2829 daAuts
     D:1: 2038 daAuts
     D:2: 1575 daAuts
     D:4: 1470 daAuts
     D:7: 1301 daAuts
     D:5: 1278 daAuts
     D:9: 1159 daAuts
  Bailey: 1146 daAuts
     D:6: 1123 daAuts
    D:13: 920 daAuts
     D:8: 607 daAuts
    D:10: 536 daAuts
  Temple: 84 daAuts
